 Dungeon Crawl Stone Soup version 0.28.0 (webtiles) character file.

Game seed: 3364146758818471481

60 SnakkuSnakku7 the Grave Robber (level 4, -2/30 HPs)
             Began as a Barachi Necromancer on Feb 14, 2022.
             Slain by a white imp (4 damage)
             ... on level 2 of the Dungeon.
             The game lasted 00:03:07 (2829 turns).

SnakkuSnakku7 the Grave Robber (BaNe)               Turns: 2829, Time: 00:03:07

Health: -2/30      AC:  2    Str:  9    XL:     4   Next: 6%
Magic:  7/7        EV: 16    Int: 17    God:
Gold:   154        SH:  0    Dex: 13    Spells: 3/7 levels left

rFire   . . .      SeeInvis .   d - +0 dagger (speed)
rCold   . . .      Faith    .   (no shield)
rNeg    . . .      Spirit   .   a - +0 robe
rPois   .          Reflect  .   (no helmet)
rElec   .          Harm     .   (no cloak)
rCorr   .          Rampage  .   (no gloves)
Will    .....                   (no boots)
Stlth   ++........              (no amulet)
HPRegen 0.10/turn               h - +4 ring of evasion
MPRegen 0.10/turn               (no ring)

@: brilliant, unable to hop, slow
A: amphibious, slowness 1, strong legs 1, +LOS
a: Hop


You were on level 2 of the Dungeon.
You visited 1 branch of the dungeon, and saw 3 of its levels.

You collected 154 gold pieces.

Inventory:

Hand Weapons
 b - a +0 club
 d - a +0 dagger of speed (weapon)
Armour
 a - a +0 robe (worn)
Jewellery
 h - a +4 ring of evasion (left hand)
Scrolls
 c - a scroll of summoning {unknown}
 f - a scroll of fog
 g - a scroll of noise {unknown}


   Skills:
 - Level 2.1 Dodging
 - Level 1.7 Stealth
 - Level 2.1 Spellcasting
 + Level 5.0 Necromancy


You had 3 spell levels left.
You knew the following spells:

 Your Spells              Type           Power      Damage    Failure   Level
a - Pain                  Necr           100%       1d9       2%          1
b - Vampiric Draining     Necr           28%        2d8       7%          3

Your spell library contained the following spells:

 Spells                   Type           Power      Damage    Failure   Level
 Animate Skeleton         Necr           56%        N/A       2%          1
 Animate Dead             Necr           14%        N/A       24%         4
 Agony                    Necr           28%        N/A       54%         5


Dungeon Overview and Level Annotations

Branches:
Dungeon (3/15)

Altars:
Elyvilon


Innate Abilities, Weirdness & Mutations

You are amphibious.
You cover ground slowly.
You can hop short distances.
You have an extended range of vision and can be seen from far away.


Message History

You feel clever all of a sudden. The white imp gestures at you.
The puff of frost hits you.
It was a potion of heal wounds.
You feel much better. The white imp completely misses you.
You closely miss the white imp.
The white imp is lightly wounded.
You closely miss the white imp.
The white imp is lightly wounded.
The white imp gestures at you. The puff of frost hits you.
You hit the white imp but do no damage.
The white imp is lightly wounded.
The white imp gestures at you. The puff of frost misses you.
You hit the white imp but do no damage.
The white imp is lightly wounded.
You hit the white imp.
The white imp is moderately wounded.
The white imp gestures at you. The puff of frost hits you!
You closely miss the white imp. You punch the white imp.
The white imp is moderately wounded.
The white imp gestures at you. The puff of frost hits you!
* * * LOW HITPOINT WARNING * * *
You hit the white imp but do no damage.
The white imp is moderately wounded.
You hit the white imp.
The white imp is moderately wounded.
The white imp misses you.
Hop to where?
Press: ? - help, Dir - move target Boing!
As you read the scroll labelled YREZ UWNAFABLE, it crumbles to dust.
The scroll dissolves into smoke.
It was a scroll of fog.
The white imp hits you.
* * * LOW HITPOINT WARNING * * *
The white imp freezes you.
You die...

.....##.#.....#.#
........#...#.#.#
........#...#.#.#
........#.......##
#.......##.......#
#.......##(.####.#
#.......##..####§#
#.(.....##....##§#
##########.##.##@#
#.##.##5#
#.....§°#
#############.####
........#####.#
#######.......#
#########


You could see a white imp.

Vanquished Creatures
  A worm (D:2)
  A dart slug (D:1)
  6 endoplasms
  12 goblins
  A hobgoblin (D:1)
  4 jackals
  3 quokkas
  5 ball pythons
  5 bats (D:1)
  4 frilled lizards
  3 kobolds
  5 rats
50 creatures vanquished.

Notes
Turn   | Place    | Note
-------+----------+-------------------------------------------
     0 | D:1      | SnakkuSnakku7 the Barachi Necromancer began the quest for
                  | the Orb.
     0 | D:1      | Reached XP level 1. HP: 13/13 MP: 3/3
   524 | D:1      | Reached skill level 4 in Necromancy
   524 | D:1      | Reached XP level 2. HP: 6/19 MP: 5/5
  1271 | D:1      | Reached XP level 3. HP: 9/24 MP: 2/6
  2258 | D:2      | Learned a level 3 spell: Vampiric Draining
  2537 | D:2      | Found a white marble altar of Elyvilon.
  2543 | D:2      | Reached skill level 5 in Necromancy
  2557 | D:1      | Reached XP level 4. HP: 13/30 MP: 3/7
  2829 | D:2      | Slain by a white imp

Illustrated notes

Levels and vault maps discovered:
D:1:      lightli_arrival_lavapool, layout_rooms
D:2:      layout_loops_cross, basic_altar, kennysheep_boxes
D:3:      kennysheep_slugbush, layout_loops_corners, chequers_mini_garden

Skill      XL: |  1  2  3 |
---------------+----------+-----
Necromancy     | 4 5 |  5.0
Dodging        | |  2.1
Stealth        | |  1.7
Spellcasting   | |  2.1

Action                   |  1- 3 |  4- 6 || total
-------------------------+-------+-------++-------
Melee: Club              |    11 |       ||    11
       Unarmed           |     3 |       ||     3
       Dagger            |    68 |     8 ||    76
       Punch             |     1 |     1 ||     2
 Cast: Pain              |    62 |     4 ||    66
 Abil: Hop               |     1 |     1 ||     2
  Use: Potion            |       |     2 ||     2
       Scroll            |       |     1 ||     1
Armor: Robe              |    14 |     1 ||    15
Dodge: Dodged            |    80 |    13 ||    93
